cohdb
Replays
Latest Replays
All Replays
Popular Replays
Top Player Replays
Match Explorer
How It Works
Community
CoH3 Stats
Reddit
Sign in to upload your games and track your stats! →
Sign in with Steam
Match 45294290
Unlisted
Match 45294290
Overview
Messages
Build Orders
End
Construct Weapon Support Center
Scout Squad
M1919 Machine Gun Team
M1919 Machine Gun Team
Engineer Squad
Selects Advanced Infantry Battlegroup
Construct Barracks
Bazooka Squad
Selects Artillery Observers
Mechanized Support Center
Selects Convert to Ranger Squad
Riflemen Squad
Construct Medical Station
Convert to Ranger Squad
Riflemen Squad
Convert to Ranger Squad
Selects Frontline Medical Station
Riflemen Squad
Construct Tank Depot
Convert to Ranger Squad
Selects M2A1 105mm Howitzer Emplacement
Selects 155mm Rapid Artillery Barrage
Designate Forward Repair Station
M4A1 Sherman Medium Tank
FestiveLongJohns
FarbKanne
Vin
dad81ace
Jm200092
***** *******
NorthBrown
你的磊爸爸
0
0
Comments
sign in to comment!
No comments posted yet!